[ AOE2 MATCH · #495717206 ]
UnrankedEthiopians vs Spanish
Player's team · LOSS
Rival team · WIN
[ REPLAY ANALYSIS · EXTRACTED FROM THE RECORDED GAME ]
Feudal
9:13
Castle
24:55
Imperial
—
| APM avg | 34.7 |
| APM peak | 76 |
| eAPM avg | 17.1 |
| Villagers / military | 97 / 106 |
Focus
⚔️ 24.3% · 🌾 75.7%
Archer ×73 · Spearman ×30 · Mangonel ×3
Feudal
9:18
Castle
21:47
Imperial
38:44
| APM avg | 61.7 |
| APM peak | 103 |
| eAPM avg | 28.3 |
| Villagers / military | 110 / 103 |
Focus
⚔️ 34.1% · 🌾 65.9%
Knight ×57 · Skirmisher ×28 · Scout Cavalry ×8 · Monk ×4 · Mangonel ×2 · Scorpion ×2
Match map
Initial resources + every placement click. Lines = walls · curves = elevation contours. ◆ gold · ⬟ stone · ● berries · ✦ relic · ◌ wall gap
Your base· Open — 5t gap
patrick jane's base· ✓ Closed at 21:47 · 50t walls · 1 gate(s)
Smoothed initial terrain · ◌ = detected wall gap · hover for details
Inputs per minute
— Grospoilu - - patrick jane
Build order — Grospoilu
First 150 of 249 actions detected
| 0:01 | Queue | Villager (Male) |
| 0:01 | Queue | Villager (Male) |
| 0:03 | Build | House |
| 0:04 | Build | House |
| 0:07 | Queue | Villager (Male) |
| 0:25 | Queue | Villager (Male) |
| 0:25 | Queue | Villager (Male) |
| 1:25 | Queue | Villager (Male) |
| 1:50 | Build | Lumber Camp |
| 2:01 | Queue | Villager (Male) |
| 2:02 | Queue | Villager (Male) |
| 2:18 | Queue | Villager (Male) |
| 2:53 | Queue | Villager (Male) |
| 2:53 | Queue | Villager (Male) |
| 3:07 | Queue | Villager (Male) |
| 3:12 | Build | Outpost |
| 3:26 | Build | House |
| 3:43 | Queue | Villager (Male) |
| 3:55 | Build | Mill |
| 4:24 | Queue | Villager (Male) |
| 4:25 | Queue | Villager (Male) |
| 4:45 | Queue | Villager (Male) |
| 4:57 | Queue | Villager (Male) |
| 6:04 | Research | Loom |
| 6:08 | Research | Loom |
| 6:38 | Queue | Villager (Male) |
| 7:01 | Research | Feudal Age |
| 7:10 | Build | Mining Camp |
| 8:00 | Build | Barracks |
| 8:35 | Build | House |
| 9:13 | Age | Feudal Age |
| 9:26 | Build | Archery Range |
| 9:28 | Queue | Villager (Male) |
| 9:29 | Queue | Villager (Male) |
| 9:29 | Queue | Villager (Male) |
| 9:53 | Build | Palisade Wall |
| 10:20 | Build | Mill |
| 10:23 | Queue | Archer |
| 10:23 | Queue | Archer |
| 10:29 | Build | Palisade Wall |
| 10:30 | Build | Palisade Wall |
| 10:37 | Queue | Villager (Male) |
| 10:47 | Queue | Villager (Male) |
| 10:50 | Queue | Archer |
| 10:50 | Queue | Archer |
| 10:50 | Queue | Archer |
| 11:07 | Queue | Spearman |
| 11:11 | Build | House |
| 11:16 | Build | Palisade Wall |
| 11:17 | Build | Palisade Wall |
| 11:24 | Build | House |
| 11:27 | Build | House |
| 11:34 | Build | Palisade Wall |
| 11:42 | Build | House |
| 11:46 | Build | Palisade Wall |
| 12:09 | Queue | Villager (Male) |
| 12:10 | Queue | Villager (Male) |
| 12:10 | Queue | Villager (Male) |
| 12:16 | Queue | Spearman |
| 12:17 | Queue | Spearman |
| 12:29 | Queue | Villager (Male) |
| 12:29 | Queue | Villager (Male) |
| 12:32 | Queue | Archer |
| 12:32 | Queue | Archer |
| 12:33 | Queue | Villager (Male) |
| 12:35 | Queue | Villager (Male) |
| 13:08 | Queue | Spearman |
| 13:11 | Queue | Archer |
| 13:23 | Build | Farm |
| 13:24 | Build | Farm |
| 13:25 | Build | Farm |
| 13:27 | Build | Farm |
| 13:41 | Queue | Villager (Male) |
| 13:54 | Build | Lumber Camp |
| 14:11 | Queue | Spearman |
| 14:28 | Queue | Archer |
| 14:29 | Queue | Archer |
| 14:29 | Queue | Archer |
| 14:39 | Queue | Villager (Male) |
| 15:03 | Queue | Archer |
| 15:04 | Queue | Villager (Male) |
| 15:13 | Build | Blacksmith |
| 15:28 | Queue | Villager (Male) |
| 15:35 | Build | House |
| 15:38 | Queue | Spearman |
| 15:39 | Queue | Spearman |
| 16:37 | Queue | Villager (Male) |
| 16:51 | Queue | Villager (Male) |
| 16:51 | Queue | Villager (Male) |
| 17:00 | Queue | Villager (Male) |
| 17:07 | Build | Blacksmith |
| 17:28 | Queue | Villager (Male) |
| 17:36 | Queue | Villager (Male) |
| 17:43 | Build | Farm |
| 17:44 | Build | Farm |
| 17:45 | Build | Farm |
| 17:46 | Build | Farm |
| 17:47 | Build | Farm |
| 17:47 | Build | Farm |
| 17:47 | Build | Farm |
| 17:58 | Queue | Villager (Male) |
| 18:07 | Build | House |
| 18:10 | Research | Fletching |
| 18:23 | Queue | Villager (Male) |
| 18:31 | Queue | Archer |
| 18:31 | Queue | Archer |
| 18:37 | Build | House |
| 18:41 | Queue | Villager (Male) |
| 18:59 | Queue | Villager (Male) |
| 19:32 | Queue | Villager (Male) |
| 19:33 | Queue | Villager (Male) |
| 19:38 | Queue | Archer |
| 19:38 | Queue | Archer |
| 19:50 | Build | Market |
| 20:10 | Queue | Villager (Male) |
| 20:14 | Queue | Archer |
| 20:14 | Queue | Archer |
| 21:04 | Build | House |
| 21:34 | Research | Padded Archer Armor |
| 21:49 | Queue | Villager (Male) |
| 22:03 | Queue | Archer |
| 22:03 | Queue | Archer |
| 22:06 | Research | Castle Age |
| 22:08 | Queue | Spearman |
| 22:08 | Queue | Spearman |
| 22:28 | Queue | Spearman |
| 22:28 | Queue | Spearman |
| 22:29 | Queue | Spearman |
| 22:50 | Build | House |
| 22:54 | Build | Farm |
| 23:18 | Build | Stable |
| 23:31 | Queue | Archer ×5 |
| 23:31 | Queue | Archer |
| 23:44 | Build | Archery Range |
| 23:48 | Queue | Spearman |
| 23:49 | Queue | Spearman |
| 23:49 | Queue | Spearman |
| 23:49 | Queue | Spearman |
| 24:43 | Queue | Villager (Male) |
| 24:53 | Build | House |
| 24:55 | Age | Castle Age |
| 25:00 | Research | Crossbowman (upgrade) |
| 25:40 | Build | Town Center |
| 25:53 | Queue | Archer ×5 |
| 25:54 | Queue | Archer ×5 |
| 25:54 | Queue | Archer ×5 |
| 26:36 | Queue | Villager (Male) |
| 26:37 | Queue | Villager (Male) |
| 26:37 | Queue | Villager (Male) |
| 26:49 | Build | Farm |
Build order — patrick jane
First 150 of 362 actions detected
| 0:03 | Queue | Villager (Male) |
| 0:03 | Queue | Villager (Male) |
| 0:03 | Queue | Villager (Male) |
| 0:05 | Build | House |
| 0:07 | Build | House |
| 0:09 | Build | House |
| 0:13 | Queue | Villager (Male) |
| 0:13 | Research | Loom |
| 0:14 | Research | Loom |
| 1:37 | Queue | Villager (Male) |
| 1:37 | Queue | Villager (Male) |
| 1:37 | Queue | Villager (Male) |
| 1:37 | Queue | Villager (Male) |
| 2:13 | Build | Lumber Camp |
| 2:25 | Queue | Villager (Male) |
| 2:25 | Queue | Villager (Male) |
| 2:26 | Queue | Villager (Male) |
| 2:26 | Queue | Villager (Male) |
| 2:59 | Queue | Villager (Male) |
| 2:59 | Queue | Villager (Male) |
| 2:59 | Queue | Villager (Male) |
| 3:00 | Queue | Villager (Male) |
| 3:32 | Queue | Villager (Male) |
| 3:32 | Queue | Villager (Male) |
| 3:33 | Queue | Villager (Male) |
| 3:50 | Build | House |
| 3:54 | Queue | Villager (Male) |
| 3:54 | Queue | Villager (Male) |
| 3:55 | Queue | Villager (Male) |
| 4:27 | Queue | Villager (Male) |
| 4:27 | Queue | Villager (Male) |
| 4:27 | Queue | Villager (Male) |
| 4:37 | Queue | Villager (Male) |
| 4:37 | Queue | Villager (Male) |
| 5:56 | Build | Mill |
| 6:37 | Queue | Villager (Male) |
| 7:08 | Research | Feudal Age |
| 8:35 | Build | Barracks |
| 9:08 | Queue | Villager (Male) |
| 9:18 | Age | Feudal Age |
| 9:22 | Build | Stable |
| 9:44 | Queue | Villager (Male) |
| 9:45 | Queue | Villager (Male) |
| 9:56 | Queue | Scout Cavalry |
| 9:56 | Queue | Scout Cavalry |
| 9:57 | Queue | Scout Cavalry |
| 9:57 | Queue | Scout Cavalry |
| 10:04 | Build | Farm |
| 10:17 | Build | House |
| 10:18 | Build | Palisade Wall |
| 10:22 | Build | House |
| 10:23 | Build | Palisade Wall |
| 10:30 | Queue | Scout Cavalry |
| 10:30 | Queue | Scout Cavalry |
| 10:39 | Queue | Villager (Male) |
| 10:52 | Build | House |
| 10:54 | Build | Palisade Wall |
| 10:56 | Build | Palisade Wall |
| 11:03 | Queue | Villager (Male) |
| 11:14 | Build | Farm |
| 11:17 | Build | Palisade Wall |
| 11:22 | Queue | Scout Cavalry |
| 11:22 | Queue | Scout Cavalry |
| 11:43 | Queue | Villager (Male) |
| 12:11 | Build | Farm |
| 12:11 | Build | Farm |
| 12:12 | Build | Farm |
| 12:12 | Build | Farm |
| 12:12 | Build | Farm |
| 12:24 | Queue | Villager (Male) |
| 12:24 | Queue | Villager (Male) |
| 12:25 | Queue | Villager (Male) |
| 12:31 | Build | House |
| 12:32 | Build | Palisade Wall |
| 12:40 | Queue | Villager (Male) |
| 12:40 | Queue | Villager (Male) |
| 12:49 | Build | Watch Tower |
| 13:16 | Build | Palisade Wall |
| 13:22 | Build | Farm |
| 13:22 | Build | Farm |
| 13:22 | Build | Farm |
| 13:26 | Build | Palisade Gate |
| 13:35 | Queue | Villager (Male) |
| 13:35 | Queue | Villager (Male) |
| 13:40 | Queue | Villager (Male) |
| 13:41 | Queue | Villager (Male) |
| 13:52 | Build | Farm |
| 13:52 | Build | Farm |
| 13:52 | Build | Farm |
| 14:04 | Research | Double-Bit Axe |
| 14:15 | Build | Farm |
| 14:18 | Queue | Villager (Male) |
| 14:35 | Build | Farm |
| 14:40 | Queue | Villager (Male) |
| 14:48 | Build | Farm |
| 15:16 | Queue | Villager (Male) |
| 15:17 | Queue | Villager (Male) |
| 15:31 | Build | Farm |
| 15:34 | Build | Farm |
| 15:36 | Build | Farm |
| 15:36 | Build | Farm |
| 15:37 | Build | Farm |
| 15:39 | Queue | Villager (Male) |
| 16:30 | Queue | Villager (Male) |
| 16:37 | Build | House |
| 16:40 | Build | Farm |
| 16:41 | Build | Farm |
| 16:43 | Build | Mining Camp |
| 16:51 | Build | Palisade Wall |
| 16:55 | Build | House |
| 17:04 | Queue | Villager (Male) |
| 17:04 | Queue | Villager (Male) |
| 17:12 | Build | Palisade Wall |
| 17:13 | Build | Palisade Wall |
| 17:16 | Queue | Villager (Male) |
| 17:16 | Queue | Villager (Male) |
| 17:49 | Build | Blacksmith |
| 17:52 | Queue | Villager (Male) |
| 17:53 | Queue | Villager (Male) |
| 17:58 | Queue | Villager (Male) |
| 18:04 | Build | Farm |
| 18:15 | Build | Palisade Wall |
| 18:18 | Build | House |
| 18:50 | Build | Stable |
| 18:56 | Queue | Villager (Male) |
| 19:05 | Research | Castle Age |
| 19:48 | Build | House |
| 19:56 | Build | House |
| 20:11 | Build | Palisade Wall |
| 20:17 | Build | Palisade Wall |
| 20:23 | Build | Farm |
| 20:23 | Build | Farm |
| 20:41 | Research | Scale Barding Armor |
| 20:42 | Research | Forging |
| 20:54 | Research | Bloodlines |
| 21:39 | Build | House |
| 21:41 | Build | Palisade Wall |
| 21:44 | Build | House |
| 21:46 | Build | Palisade Wall |
| 21:47 | Age | Castle Age |
| 21:50 | Queue | Knight |
| 21:50 | Queue | Knight |
| 21:50 | Queue | Knight |
| 21:50 | Research | Husbandry |
| 21:51 | Research | Husbandry |
| 21:52 | Queue | Villager (Male) |
| 21:52 | Queue | Villager (Male) |
| 21:52 | Queue | Villager (Male) |
| 21:53 | Queue | Villager (Male) |
| 22:00 | Build | Town Center |
Match timeline
| 8:00 | Grospoilu · first_building Barracks |
| 8:35 | patrick jane · first_building Barracks |
| 9:13 | Grospoilu · age_up feudal |
| 9:18 | patrick jane · age_up feudal |
| 9:22 | patrick jane · first_building Stable |
| 9:26 | Grospoilu · first_building Archery Range |
| 9:53 | Grospoilu · wall_segment Palisade Wall x2 |
| 10:18 | patrick jane · wall_segment Palisade Wall x8 |
| 10:23 | patrick jane · wall_segment Palisade Wall x4 |
| 10:29 | Grospoilu · wall_segment Palisade Wall x3 |
| 10:30 | Grospoilu · wall_segment Palisade Wall x1 |
| 10:54 | patrick jane · wall_segment Palisade Wall x4 |
| 10:56 | patrick jane · wall_segment Palisade Wall x4 |
| 11:16 | Grospoilu · wall_segment Palisade Wall x1 |
| 11:17 | patrick jane · wall_segment Palisade Wall x7 |
| 11:17 | Grospoilu · wall_segment Palisade Wall x1 |
| 11:34 | Grospoilu · wall_segment Palisade Wall x1 |
| 11:46 | Grospoilu · wall_segment Palisade Wall x1 |
| 12:32 | patrick jane · wall_segment Palisade Wall x4 |
| 13:16 | patrick jane · wall_segment Palisade Wall x8 |
| 16:51 | patrick jane · wall_segment Palisade Wall x1 |
| 17:12 | patrick jane · wall_segment Palisade Wall x1 |
| 17:13 | patrick jane · wall_segment Palisade Wall x1 |
| 18:15 | patrick jane · wall_segment Palisade Wall x1 |
| 20:11 | patrick jane · wall_segment Palisade Wall x3 |
| 20:17 | patrick jane · wall_segment Palisade Wall x3 |
| 20:39 | Grospoilu · first_market_sell 500 wood |
| 20:42 | Grospoilu · first_market_buy 100 food |
| 21:41 | patrick jane · wall_segment Palisade Wall x1 |
| 21:46 | patrick jane · wall_segment Palisade Wall x1 |
| 21:47 | patrick jane · age_up castle |
| 22:08 | patrick jane · first_building Siege Workshop |
| 23:18 | Grospoilu · first_building Stable |
| 24:55 | Grospoilu · age_up castle |
| 28:58 | patrick jane · first_building Monastery |
| 32:48 | Grospoilu · first_building Siege Workshop |
| 34:35 | patrick jane · first_building Castle |
| 36:04 | patrick jane · first_building Archery Range |
| 38:19 | Grospoilu · first_building Castle |
| 38:44 | patrick jane · age_up imperial |
| 40:33 | Grospoilu · resign |
[ AI ANALYSIS · 1 CREDIT ]
What really happened in this match?
Wolo.gg analyzes every decision: build order, eco, micro, common mistakes by bracket. Personalized analysis on WhatsApp or Discord in 30 seconds.
Civ guide
Ethiopians
Perfil
Jugador #4729544